 Dungeon Crawl Stone Soup version 0.18.1-1-g2f07953 (webtiles) character file.

10624 oplop the Covert (level 11, -13/90 HPs)
             Began as a Vine Stalker Assassin on May 7, 2016.
             Was a Priest of Dithmenos.
             Mangled by a cyan ugly thing (16 damage)
             ... on level 12 of the Dungeon.
             The game lasted 00:30:21 (8931 turns).

oplop the Covert (Vine Stalker Assassin)            Turns: 8931, Time: 00:30:22

Health: -13/90     AC: 25    Str: 14    XL:     11   Next: 65%
Magic:  0/14       EV:  2    Int: 11    God:    Dithmenos [***...]
Gold:   480        SH:  0    Dex: 19    Spells: 0 memorised, 10 levels left

rFire  . . .     SeeInvis .     a - +1 dagger (elec)
rCold  . . .     Gourm    .     (armour currently unavailable)
rNeg   + + +     Faith    .     (no shield)
rPois  +         Spirit   +     (helmet currently unavailable)
rElec  .         Dismiss  .     (cloak currently unavailable)
rCorr  .         Reflect  .     (gloves currently unavailable)
SustAt .         Harm     .     (boots currently unavailable)
MR     +....     NoTele   +     (no amulet)
Stlth  +++++++++.               q - +3 ring of slaying
                                J - ring of wizardry

@: tree-form, wreathed by umbra, somewhat resistant to hostile enchantments,
incredibly stealthy
A: (fangs 0), regeneration 2, magic shield, (antimagic bite), no device heal 3,
rot immunity
a: Shadow Step, Renounce Religion


You were on level 12 of the Dungeon.
You worshipped Dithmenos.
Dithmenos was most pleased with you.
You were not hungry.
You were a tree.
You visited 2 branches of the dungeon, and saw 14 of its levels.

You collected 480 gold pieces.

Inventory:

Hand Weapons
 a - a +1 dagger of electrocution (weapon)
 b - a +0 blowgun
 v - a +2 dagger
Missiles
 e - 35 poisoned needles
 C - a curare-tipped needle
 D - 4 tomahawks (quivered)
 U - a steel tomahawk
Armour
 c - a +0 robe (melded)
 h - a +0 helmet (melded)
 k - a +1 pair of gloves (melded)
 K - a +0 cloak (melded)
 X - a +2 pair of boots (melded)
Jewellery
 l - an uncursed ring of ice
 q - a +3 ring of slaying (right branch)
 J - a ring of wizardry (left branch)
Wands
 d - a wand of slowing (14/48)
 f - a wand of slowing (22/48)
 o - a wand of polymorph (8/24)
 u - a wand of confusion (5/48)
 N - a wand of disintegration (22/24)
 Q - a wand of disintegration (4/24)
 S - a wand of slowing (30/48)
 W - a wand of lightning (9/15)
Scrolls
 n - 3 scrolls of blinking
 p - 8 scrolls of identify
 t - 2 scrolls of recharging
 w - 8 scrolls of remove curse
 y - a scroll of immolation
 H - a scroll of teleportation
 I - 2 scrolls of fear
 L - a scroll of enchant armour
 T - a scroll of amnesia
Potions
 i - a potion of cure mutation
 m - 2 potions of curing
 s - a potion of lignification
 x - a potion of ambrosia {unknown}
 z - 3 potions of heal wounds {unknown}
 A - a potion of magic {unknown}
 B - 3 potions of agility {unknown}
 G - 3 potions of resistance {unknown}
Comestibles
 g - 13 bread rations
 j - 6 meat rations
 r - 12 fruits
 E - 7 slices of pizza
 F - 2 beef jerkies
 M - a chunk of flesh
 P - a royal jelly


   Skills:
 * Level 7.8 Fighting
 * Level 8.7 Short Blades
 + Level 6.8 Throwing
 * Level 6.7 Dodging
 - Level 10.0 Stealth
 * Level 3.3 Invocations


You had 10 spell levels left.
You didn't know any spells.

Dungeon Overview and Level Annotations

Branches:
Dungeon (13/15)            Temple (1/1) D:6            Lair (0/8) D:11
    Orc (0/2) D:10
 Vaults: D:13-14

Altars:
Ashenzari
Cheibriados
Dithmenos
Elyvilon
Fedhas
Gozag
Kikubaaqudgha
Makhleb
Nemelex Xobeh
Okawaru
Pakellas
Qazlal
Ru
Sif Muna
Trog
Vehumet
Xom
Yredelemnul
Zin
The Shining One

Shops:
D:9 %


Innate Abilities, Weirdness & Mutations

((You have razor-sharp teeth.))
You heal very quickly.
When hurt, damage is shared between your health and your magic reserves.
((Your bite disrupts and absorbs the magic of your enemies.))
Potions and wands cannot restore your health.
You are immune to rotting.


Message History

The cyan ugly thing barely misses you.
You barely miss the cyan ugly thing.
The cyan ugly thing is moderately wounded.
You hit the cyan ugly thing.
The cyan ugly thing is moderately wounded.
The cyan ugly thing headbutts you but does no damage.
You hit the cyan ugly thing.
The cyan ugly thing is moderately wounded.
You hit the cyan ugly thing.
The cyan ugly thing is moderately wounded.
The cyan ugly thing headbutts you but does no damage.
You hit the cyan ugly thing but do no damage.
The cyan ugly thing is moderately wounded.
You completely miss the cyan ugly thing.
The cyan ugly thing is moderately wounded.
The white ugly thing basks in the mutagenic energy from its kin and changes!
The cyan ugly thing headbutts you!
* * * LOW HITPOINT WARNING * * *
The cyan ugly thing shocks you!
You die...

#...#####.........
#.#..C............
#.##.######.y.."..
#.#*## ##..u>.#
#.# ##†.)## #C#
##'## #u# #.# #u#
#.# #♣# #####
##.## #.####...#
##...## #........#
#.....# ######...#
##.....
##.######....
#...........
########..## #..#
#..##


You could see 2 ugly things and a hill giant.

Vanquished Creatures
  A hill giant (D:10)
  2 ugly things (D:12)
  An elephant (D:11)
  2 gargoyles
  A troll (D:11)
  A two-headed ogre (D:11)
  2 shadows
  2 yaks
  A human (D:7)
  A wraith (D:10)
  A basilisk (shapeshifter) (D:11)
  A steam dragon (D:11)
  Menkaure (D:5)
  2 hippogriffs
  A mottled dragon (D:11)
  Duvessa (D:5)
  2 sky beasts
  5 ice beasts
  A wasp (D:4)
  4 orc warriors
  7 ogres
  2 eyes of draining (D:10)
  2 necrophages
  A crocodile (D:11)
  6 centaurs
  2 big kobolds
  6 giant frogs
  A wyvern zombie (D:7)
  6 scorpions
  Dowan (D:5)
  3 killer bees (D:12)
  2 jellies (D:12)
  2 wights (D:11)
  An electric eel (D:11)
  3 crimson imps
  3 giant frog zombies
  3 centaur zombies
  3 hounds
  2 centaur skeletons
  4 orc priests
  4 iguanas
  8 worker ants
  14 orc wizards
  4 sheep
  A hound zombie (D:10)
  2 mummies (D:13)
  A worker ant zombie (D:8)
  17 adders
  4 shadow imps
  An ooze (D:2)
  An adder zombie (D:5)
  An adder skeleton (D:3)
  2 worms
  7 giant geckos
  34 orcs
  A ball python (D:5)
  9 bats
  5 giant cockroaches
  A goblin (D:1)
  10 hobgoblins
  11 jackals
  4 quokkas
  A giant cockroach zombie (D:6)
  A giant gecko zombie (D:8)
  A giant newt (D:2)
  13 kobolds
  A quokka zombie (D:6)
  2 rats
254 creatures vanquished.

Vanquished Creatures (others)
  A plant (D:11)
  3 withered plants (D:13)
4 creatures vanquished.

Grand Total: 258 creatures vanquished

Notes
Turn   | Place    | Note
--------------------------------------------------------------
     0 | D:1      | oplop the Vine Stalker Assassin began the quest for the Orb.
     0 | D:1      | Reached XP level 1. HP: 11/11 MP: 2/2
   219 | D:1      | Reached skill level 5 in Stealth
   219 | D:1      | Reached XP level 2. HP: 15/15 MP: 3/3
   550 | D:2      | Found a faded altar to an unknown god.
   645 | D:2      | Reached XP level 3. HP: 13/18 MP: 2/4
  1415 | D:3      | Reached XP level 4. HP: 23/23 MP: 5/5
  1504 | D:3      | Found an oddly glowing altar of Pakellas.
  2062 | D:4      | Reached XP level 5. HP: 16/26 MP: 4/6
  2115 | D:4      | Reached skill level 6 in Stealth
  2200 | D:4      | Noticed an ogre
  2207 | D:4      | Killed an ogre
  2207 | D:4      | Gained mutation: You heal very quickly. [Vine Stalker growth]
  2207 | D:4      | Reached XP level 6. HP: 9/30 MP: 2/7
  2349 | D:4      | Noticed a wasp
  2361 | D:4      | Killed a wasp
  2373 | D:4      | Found a glowing golden altar of the Shining One.
  2404 | D:4      | Found a sacrificial altar of Ru.
  2561 | D:5      | Entered Level 5 of the Dungeon
  2657 | D:5      | Reached skill level 7 in Stealth
  2657 | D:5      | Reached XP level 7. HP: 29/34 MP: 6/8
  2923 | D:5      | Found an opulent altar of Gozag.
  3175 | D:5      | Noticed Duvessa
  3175 | D:5      | Noticed Dowan
  3190 | D:5      | Killed Dowan
  3190 | D:5      | Reached skill level 1 in Dodging
  3246 | D:5      | Killed Duvessa
  3298 | D:5      | Noticed Menkaure
  3309 | D:5      | Killed Menkaure
  3309 | D:5      | Gained mutation: You have razor-sharp teeth. [Vine Stalker growth]
  3309 | D:5      | Reached XP level 8. HP: 39/39 MP: 9/9
  3428 | D:6      | Found a snail-covered altar of Cheibriados.
  3597 | D:6      | Reached skill level 5 in Short Blades
  3744 | D:6      | Reached skill level 8 in Stealth
  3906 | D:6      | Found a staircase to the Ecumenical Temple.
  3917 | Temple   | Entered the Ecumenical Temple
  4159 | Temple   | Became a worshipper of Dithmenos the Shadowed
  4290 | D:6      | Found a blossoming altar of Fedhas.
  4471 | D:6      | Reached skill level 5 in Throwing
  4681 | D:7      | Reached XP level 9. HP: 8/45 MP: 1/10
  4887 | D:7      | Reached * piety under Dithmenos
  5329 | D:7      | Reached skill level 5 in Fighting
  5522 | D:8      | Found a blossoming altar of Fedhas.
  5582 | D:8      | Reached skill level 9 in Stealth
  5736 | D:8      | Reached ** piety under Dithmenos
  5827 | D:8      | Reached XP level 10. HP: 51/53 MP: 11/11
  6231 | D:9      | Found a sparkling altar of Nemelex Xobeh.
  6309 | D:9      | Found Zeufuj's Food Shoppe.
  6400 | D:9      | Found an opulent altar of Gozag.
  6508 | D:9      | Reached skill level 5 in Dodging
  6684 | D:10     | Entered Level 10 of the Dungeon
  6768 | D:10     | Found a staircase to the Orcish Mines.
  6768 | D:10     | Noticed an orc knight
  6813 | D:10     | Noticed a hill giant
  6839 | D:10     | Killed a hill giant
  7136 | D:11     | Found a sparkling altar of Nemelex Xobeh.
  7227 | D:11     | Found a staircase to the Lair.
  7227 | D:11     | Noticed an elephant
  7301 | D:11     | Killed an elephant
  7349 | D:11     | Reached *** piety under Dithmenos
  7574 | D:11     | Reached skill level 10 in Stealth
  7574 | D:11     | Reached XP level 11. HP: 54/58 MP: 12/12
  7626 | D:11     | Noticed a six-headed hydra
  7665 | D:12     | Reached skill level 1 in Invocations
  7933 | D:12     | Noticed a white ugly thing
  7970 | D:12     | Noticed a cyan ugly thing
  7976 | D:13     | Noticed a skeletal warrior
  7976 | D:13     | Noticed a skeletal warrior
  8108 | D:13     | Noticed a skeletal warrior
  8118 | D:13     | Noticed a skeletal warrior
  8143 | D:13     | Found a radiant altar of Vehumet.
  8261 | D:12     | Noticed a green ugly thing
  8277 | D:12     | Killed a green ugly thing
  8330 | D:12     | Noticed a red ugly thing
  8347 | D:12     | Killed a red ugly thing
  8893 | D:12     | Noticed a hill giant
  8931 | D:12     | HP: 3/90 [cyan ugly thing (7)]
  8931 | D:12     | Mangled by a cyan ugly thing

Skill      XL: |  1  2  3  4  5  6  7  8  9 10 11 |
---------------+----------------------------------+-----
Throwing       | 2 3 4 5 6 |  6.8
Short Blades   | 2 3 4 5 6 8 |  8.7
Stealth        | 5 6 7 8 9 10 | 10.0
Dodging        | 1 3 4 5 6 |  6.7
Fighting       | 2 4 5 7 |  7.8
Invocations    | 3 |  3.3

Action                   |  1- 3 |  4- 6 |  7- 9 | 10-12 || total
-------------------------+-------+-------+-------+-------++-------
Melee: Dagger            |    93 |   104 |   235 |   335 ||   767
       Bite              |    17 |    28 |    77 |   109 ||   231
 Fire: Blowgun           |       |    11 |    20 |    12 ||    43
Throw: Throwing net      |       |       |     3 |     3 ||     6
       Tomahawk          |       |       |       |    10 ||    10
Evoke: Wand              |       |       |       |    33 ||    33
  Use: Scroll            |     4 |     2 |     2 |     9 ||    17
       Potion            |       |       |       |     3 ||     3
 Stab: Sleeping          |    12 |     4 |    26 |    13 ||    55
       Distracted        |       |       |     2 |     5 ||     7
       Held in net/web   |       |       |     1 |     1 ||     2
       Confused          |       |       |       |     3 ||     3
  Eat: Chunk             |     1 |     2 |     8 |    10 ||    21
       Beef jerky        |       |     2 |     1 |       ||     3
Armor: Robe              |    25 |    23 |    27 |    24 ||    99
       Skin              |       |       |       |     6 ||     6
Dodge: Dodged            |    33 |    57 |   112 |   185 ||   387
